| TOP OF THE 1ST |
|
Americus Braves batting - Pitching for Colorado Avalanche : RHP Zach Sommer
|
|
Pitching: RHP Zach Sommer
|
|
|
Batting: RHB Joe Young
|
0-0: Called Strike 0-1: Foul Ball, location: 2F 0-2: Fly out, F9 (Flyball, 89M, EV 85.0 MPH)
|
|
Batting: SHB Jose Melendez
|
0-0: Ball 1-0: Called Strike 1-1: Ball 2-1: Called Strike 2-2: Fly out, F8 (Line Drive, 8RM, EV 91.9 MPH)
|
|
Batting: LHB Erik Gretzky
|
0-0: Called Strike 0-1: Ball 1-1: Swinging Strike 1-2: Foul Ball, location: 2F 1-2: Foul Ball, location: 2F 1-2: Foul Ball, location: 2F 1-2: Foul Ball, location: 2F 1-2: Strikes out looking
|
| Top of the 1st over - 0 runs, 0 hits, 0 errors, 0 left on base; Americus 0 - Colorado 0 |
| BOTTOM OF THE 1ST |
|
Colorado Avalanche batting - Pitching for Americus Braves : RHP George Kellum
|
|
Pitching: RHP George Kellum
|
|
|
Batting: RHB Kevin Tangeman
|
0-0: Fly out, F9 (Line Drive, 9, EV 103.8 MPH)
|
|
Batting: RHB Dan Hoffman
|
0-0: Swinging Strike 0-1: Swinging Strike 0-2: Foul Ball, location: 2F 0-2: Ball 1-2: Foul Ball, location: 2F 1-2: Strikes out looking
|
|
Batting: LHB Paul McClintock
|
0-0: Called Strike 0-1: Called Strike 0-2: Ground out 6-3 (Groundball, 6, EV 101.2 MPH)
|
| Bottom of the 1st over - 0 runs, 0 hits, 0 errors, 0 left on base; Americus 0 - Colorado 0 |
| TOP OF THE 2ND |
|
Americus Braves batting - Pitching for Colorado Avalanche : RHP Zach Sommer
|
|
Batting: RHB Josh McCormick
|
0-0: Swinging Strike 0-1: Swinging Strike 0-2: Strikes out swinging
|
|
Batting: LHB Ryan Murdock
|
0-0: Foul Ball, location: 2F 0-1: Fly out, F6 (Popup, 6, EV 57.5 MPH)
|
|
Batting: SHB Jordan Barragan
|
0-0: Called Strike 0-1: SINGLE (Flyball, 7LS, EV 100.6 MPH)
|
|
Batting: RHB Gerard Michel
|
0-0: Ball 1-0: Swinging Strike 1-1: Swinging Strike 1-2: Strikes out looking
|
| Top of the 2nd over - 0 runs, 1 hit, 0 errors, 1 left on base; Americus 0 - Colorado 0 |
| BOTTOM OF THE 2ND |
|
Colorado Avalanche batting - Pitching for Americus Braves : RHP George Kellum
|
|
Batting: RHB John Corfield
|
0-0: Ball 1-0: Called Strike 1-1: Foul Ball, location: 2F 1-2: Strikes out looking
|
|
Batting: SHB Justin Jackson
|
0-0: Called Strike 0-1: Ball 1-1: Ball 2-1: Foul Ball, location: 2F 2-2: Foul Ball, location: 2F 2-2: Foul Ball, location: 2F 2-2: Ball 3-2: Foul Ball, location: 2F 3-2: Base on Balls
|
|
Batting: RHB Bob Hayes
|
0-0: Ball 1-0: Called Strike 1-1: Ball 2-1: Ball 3-1: Called Strike 3-2: Strikes out swinging Justin Jackson is caught stealing 2nd base 2-4 Batter strikes out.
|
| Bottom of the 2nd over - 0 runs, 0 hits, 0 errors, 0 left on base; Americus 0 - Colorado 0 |
| TOP OF THE 3RD |
|
Americus Braves batting - Pitching for Colorado Avalanche : RHP Zach Sommer
|
|
Batting: RHB Terry Hughes
|
0-0: Ball 1-0: Ball 2-0: Called Strike 2-1: Foul Ball, location: 2F 2-2: SINGLE (Line Drive, 8RS, EV 94.4 MPH)
|
|
Batting: RHB Phil Holman
|
0-0: Called Strike 0-1: Ball 1-1: Swinging Strike 1-2: Foul Ball, location: 2F 1-2: Fly out, F6 (Popup, 6, EV 65.6 MPH)
|
|
Batting: RHB Joe Young
|
0-0: Ball 1-0: Swinging Strike 1-1: Swinging Strike 1-2: SINGLE (Groundball, 4MD, EV 95.6 MPH) Terry Hughes to second
|
|
Batting: SHB Jose Melendez
|
0-0: Ball 1-0: Called Strike 1-1: Ball 2-1: Called Strike 2-2: Ball 3-2: Base on Balls Terry Hughes to third Joe Young to second
|
|
Batting: LHB Erik Gretzky
|
0-0: Ball 1-0: Ball 2-0: Ball 3-0: Base on Balls Terry Hughes scores Joe Young to third Jose Melendez to second
|
|
Batting: RHB Josh McCormick
|
0-0: Foul Ball, location: 2F 0-1: Called Strike 0-2: GRAND SLAM HOME RUN (Line Drive, 78XD, EV 111.2 MPH), Distance : 447 ft
|
|
Batting: LHB Ryan Murdock
|
0-0: Swinging Strike 0-1: Foul Ball, location: 2F 0-2: Foul Ball, location: 2F 0-2: Foul Ball, location: 2F 0-2: Ball 1-2: SINGLE (Line Drive, 6D, EV 105.0 MPH)
|
|
Batting: SHB Jordan Barragan
|
0-0: Ball 1-0: Called Strike 1-1: Fly out, F8 (Flyball, 8RD, EV 103.1 MPH)
|
|
Pitching: RHP Kevin McKasson
|
|
|
Batting: RHB Gerard Michel
|
0-0: Called Strike 0-1: Ground out 5-3 (Groundball, 56S, EV 72.5 MPH)
|
| Top of the 3rd over - 5 runs, 4 hits, 0 errors, 1 left on base; Americus 5 - Colorado 0 |
| BOTTOM OF THE 3RD |
|
Colorado Avalanche batting - Pitching for Americus Braves : RHP George Kellum
|
|
Batting: RHB Chris Kinder
|
0-0: Called Strike 0-1: Called Strike 0-2: Ball 1-2: Foul Ball, location: 2F 1-2: Strikes out swinging wild pitch, reaches first!
|
|
Batting: SHB Craig Ruzic
|
0-0: Ball 1-0: Foul Ball, location: 2F 1-1: Foul Ball, location: 2F 1-2: Strikes out swinging
|
|
Batting: SHB Clayton Saunders
|
0-0: Foul Ball, location: 2F 0-1: Ball 1-1: Foul Ball, location: 2F 1-2: Foul Ball, location: 2F 1-2: Strikes out looking
|
|
Batting: RHB Kevin Tangeman
|
0-0: Called Strike 0-1: Swinging Strike 0-2: Ball 1-2: Foul Ball, location: 2F 1-2: Ball 2-2: Foul Ball, location: 2F 2-2: Foul Ball, location: 2F 2-2: Foul Ball, location: 2F 2-2: Ball 3-2: Fly out, F8 (Flyball, 8LM, EV 88.1 MPH)
|
| Bottom of the 3rd over - 0 runs, 0 hits, 0 errors, 1 left on base; Americus 5 - Colorado 0 |
| TOP OF THE 4TH |
|
Americus Braves batting - Pitching for Colorado Avalanche : RHP Kevin McKasson
|
|
Batting: RHB Terry Hughes
|
0-0: Ball 1-0: Ground out 4-3 (Groundball, 4, EV 90.0 MPH)
|
|
Batting: RHB Phil Holman
|
0-0: Ball 1-0: SINGLE (Groundball, 6M, EV 88.1 MPH) (infield hit)
|
|
Batting: RHB Joe Young
|
0-0: Ball 1-0: Swinging Strike 1-1: SINGLE (Groundball, 34D, EV 98.8 MPH) Phil Holman to second Runner from 2nd tries for 3rd, SAFE, throw by RF made to third
|
|
Batting: SHB Jose Melendez
|
0-0: Ball 1-0: Ball Joe Young steals 2nd base (no throw) 2-0: SINGLE (Line Drive, 56D, EV 95.0 MPH) Phil Holman scores Joe Young to third Runner from 3rd tries for Home, SAFE, throw by LF to home
|
|
Batting: LHB Erik Gretzky
|
0-0: Ball 1-0: Called Strike 1-1: Ball 2-1: Swinging Strike 2-2: TRIPLE (Flyball, 8RXD, EV 106.9 MPH) Jose Melendez scores
|
|
Batting: RHB Josh McCormick
|
0-0: Foul Ball, location: 2F 0-1: Swinging Strike 0-2: Ball 1-2: Foul Ball, location: 2F 1-2: Foul Ball, location: 2F 1-2: Foul Ball, location: 2F Balk! Erik Gretzky scores 1-2: SOLO HOME RUN (Flyball, 8LXD, EV 115.6 MPH), Distance : 459 ft
|
|
Pitching: RHP Daniel Green
|
|
|
Batting: LHB Ryan Murdock
|
0-0: Foul Ball, location: 2F 0-1: Foul Ball, location: 2F 0-2: Ball 1-2: Fly out, F7 (Flyball, 7D, EV 106.9 MPH)
|
|
Batting: SHB Jordan Barragan
|
0-0: Ball 1-0: Foul Ball, location: 2F 1-1: DOUBLE (Groundball, 3L, EV 95.0 MPH)
|
|
Batting: RHB Gerard Michel
|
0-0: Fly out, F3 (Popup, 3SF, EV 81.2 MPH)
|
| Top of the 4th over - 5 runs, 6 hits, 0 errors, 1 left on base; Americus 10 - Colorado 0 |
| BOTTOM OF THE 4TH |
|
Colorado Avalanche batting - Pitching for Americus Braves : RHP George Kellum
|
|
Batting: RHB Dan Hoffman
|
0-0: Ball 1-0: DOUBLE (Groundball, 5D, EV 93.8 MPH)
|
|
Batting: LHB Paul McClintock
|
0-0: Ball 1-0: Swinging Strike 1-1: Called Strike 1-2: Ball 2-2: Foul Ball, location: 2F 2-2: Strikes out looking
|
|
Batting: RHB John Corfield
|
0-0: Ball 1-0: Ball 2-0: Ball 3-0: Called Strike 3-1: Base on Balls
|
|
Batting: SHB Justin Jackson
|
0-0: Called Strike 0-1: Ball 1-1: Foul Ball, location: 2F 1-2: Strikes out swinging
|
|
Batting: RHB Bob Hayes
|
0-0: Called Strike 0-1: Foul Ball, location: 2F 0-2: Fly out, F6 (Popup, 6, EV 68.1 MPH)
|
| Bottom of the 4th over - 0 runs, 1 hit, 0 errors, 2 left on base; Americus 10 - Colorado 0 |
| TOP OF THE 5TH |
|
Americus Braves batting - Pitching for Colorado Avalanche : RHP Daniel Green
|
|
Batting: RHB Terry Hughes
|
0-0: Swinging Strike 0-1: Swinging Strike 0-2: Fly out, F8 (Line Drive, 8RM, EV 98.1 MPH)
|
|
Batting: RHB Phil Holman
|
0-0: Called Strike 0-1: Foul Ball, location: 2F 0-2: Fly out, F9 (Flyball, 89S, EV 91.2 MPH)
|
|
Batting: RHB Joe Young
|
0-0: Called Strike 0-1: Ball 1-1: Called Strike 1-2: SINGLE (Groundball, 4MD, EV 100.6 MPH)
|
|
Batting: SHB Jose Melendez
|
0-0: Foul Ball, location: 2F 0-1: Ball 1-1: Fly out, F6 (Popup, 6, EV 56.2 MPH)
|
| Top of the 5th over - 0 runs, 1 hit, 0 errors, 1 left on base; Americus 10 - Colorado 0 |
| BOTTOM OF THE 5TH |
|
Colorado Avalanche batting - Pitching for Americus Braves : RHP George Kellum
|
|
Batting: RHB Chris Kinder
|
0-0: Called Strike 0-1: Foul Ball, location: 2F 0-2: Ground out U3 (Groundball, 34S, EV 83.1 MPH)
|
|
Batting: SHB Craig Ruzic
|
0-0: Ball 1-0: Called Strike 1-1: Ball 2-1: Foul Ball, location: 2F 2-2: Foul Ball, location: 2F 2-2: Strikes out swinging
|
|
Batting: SHB Clayton Saunders
|
0-0: Ball 1-0: Ball 2-0: Called Strike 2-1: Called Strike 2-2: Strikes out swinging
|
| Bottom of the 5th over - 0 runs, 0 hits, 0 errors, 0 left on base; Americus 10 - Colorado 0 |
| TOP OF THE 6TH |
|
Americus Braves batting - Pitching for Colorado Avalanche : RHP Daniel Green
|
|
Batting: LHB Erik Gretzky
|
0-0: Ball 1-0: Foul Ball, location: 2F 1-1: SINGLE (Line Drive, 9S, EV 105.0 MPH)
|
|
Batting: RHB Josh McCormick
|
0-0: Ball 1-0: Ball 2-0: Fly out, F9 (Flyball, 9S, EV 86.9 MPH)
|
|
Batting: LHB Ryan Murdock
|
0-0: Grounds into double play, 4-6-3 (Groundball, 4, EV 102.5 MPH)
|
| Top of the 6th over - 0 runs, 1 hit, 0 errors, 0 left on base; Americus 10 - Colorado 0 |
| BOTTOM OF THE 6TH |
|
Colorado Avalanche batting - Pitching for Americus Braves : RHP George Kellum
|
|
Batting: RHB Kevin Tangeman
|
0-0: SINGLE (Groundball, 6D, EV 100.6 MPH)
|
|
Batting: RHB Dan Hoffman
|
0-0: Grounds into double play, 5-4-3 (Groundball, 5, EV 91.2 MPH)
|
|
Batting: LHB Paul McClintock
|
0-0: Ball 1-0: Foul Ball, location: 2F 1-1: Ball 2-1: SINGLE (Groundball, 34D, EV 108.1 MPH)
|
|
Batting: RHB John Corfield
|
0-0: Called Strike 0-1: Swinging Strike 0-2: Ball 1-2: Strikes out swinging
|
| Bottom of the 6th over - 0 runs, 2 hits, 0 errors, 1 left on base; Americus 10 - Colorado 0 |
| TOP OF THE 7TH |
|
Americus Braves batting - Pitching for Colorado Avalanche : RHP Daniel Green
|
|
Batting: SHB Jordan Barragan
|
0-0: Foul Ball, location: 2F 0-1: Swinging Strike 0-2: Fly out, F8 (Flyball, 89D, EV 100.6 MPH)
|
|
Batting: RHB Gerard Michel
|
0-0: Called Strike 0-1: Foul Ball, location: 2F 0-2: Ball 1-2: Ball 2-2: Ball 3-2: Foul Ball, location: 2F 3-2: SINGLE (Groundball, 3D, EV 104.4 MPH)
|
|
Batting: RHB Terry Hughes
|
0-0: Ball 1-0: Foul Ball, location: 2F 1-1: Ball 2-1: Fly out, F9 (Flyball, 89S, EV 87.5 MPH)
|
|
Pitching: RHP Josh Lofgreen
|
|
|
Batting: RHB Phil Holman
|
0-0: Called Strike 0-1: Ball 1-1: Swinging Strike 1-2: Ball 2-2: Foul Ball, location: 2F 2-2: Ground out 1-3 (Groundball, 15S, EV 65.0 MPH)
|
| Top of the 7th over - 0 runs, 1 hit, 0 errors, 1 left on base; Americus 10 - Colorado 0 |
| BOTTOM OF THE 7TH |
|
Colorado Avalanche batting - Pitching for Americus Braves : RHP George Kellum
|
|
Batting: SHB Justin Jackson
|
0-0: Called Strike 0-1: Ball 1-1: Ball 2-1: Foul Ball, location: 2F 2-2: Strikes out swinging
|
|
Batting: RHB Bob Hayes
|
0-0: Ball 1-0: Foul Ball, location: 2F 1-1: Foul Ball, location: 2F 1-2: SINGLE (Line Drive, 6D, EV 96.2 MPH)
|
|
Batting: RHB Chris Kinder
|
0-0: Called Strike 0-1: Ball 1-1: Foul Ball, location: 2F 1-2: Fielders Choice at 2nd, 6-4 (Groundball, 6D, EV 102.5 MPH)
|
|
Batting: SHB Craig Ruzic
|
0-0: Called Strike 0-1: Foul Ball, location: 2F 0-2: Ball 1-2: Ball 2-2: Ball 3-2: Foul Ball, location: 2F 3-2: Strikes out looking
|
| Bottom of the 7th over - 0 runs, 1 hit, 0 errors, 1 left on base; Americus 10 - Colorado 0 |
| TOP OF THE 8TH |
|
Americus Braves batting - Pitching for Colorado Avalanche : RHP Josh Lofgreen
|
|
Batting: RHB Joe Young
|
0-0: Called Strike 0-1: Foul Ball, location: 2F 0-2: Foul Ball, location: 2F 0-2: Hit by Pitch
|
|
Batting: SHB Jose Melendez
|
0-0: Foul Ball, location: 2F 0-1: Ball 1-1: Ball 2-1: Called Strike 2-2: Ball Balk! Joe Young to second 3-2: Base on Balls
|
|
Pinch Hitting: RHB George Provance
|
0-0: Ball 1-0: Foul Ball, location: 2F 1-1: Fly out, F9 (Flyball, 9S, EV 82.5 MPH)
|
|
Batting: RHB Josh McCormick
|
0-0: Ball 1-0: Ball 2-0: Ball 3-0: Called Strike 3-1: Base on Balls Joe Young to third Jose Melendez to second
|
|
Batting: LHB Ryan Murdock
|
0-0: Ball 1-0: Fly out, F8 (Flyball, 8RXD, EV 95.0 MPH) Runner from 3rd tags up, SCORES, no throw by CF
|
|
Batting: SHB Jordan Barragan
|
0-0: Foul Ball, location: 2F 0-1: Swinging Strike 0-2: Ball 1-2: Ball 2-2: Strikes out swinging
|
| Top of the 8th over - 1 run, 0 hits, 0 errors, 2 left on base; Americus 11 - Colorado 0 |
| BOTTOM OF THE 8TH |
|
Colorado Avalanche batting - Pitching for Americus Braves : RHP George Kellum
|
|
Pitching: RHP Greg Hart
|
|
|
Now in CF: George Provance
|
|
|
Pinch Hitting: RHB Ray Insley
|
0-0: SINGLE (Line Drive, 78S, EV 103.1 MPH)
|
|
Pinch Hitting: RHB Matviy Oliynyk
|
0-0: DOUBLE (Line Drive, 8LD, EV 105.0 MPH) Ray Insley to third Runner from 3rd tries for Home, SAFE, throw by CF to trailing runner, SAFE at third!
|
|
Batting: RHB Dan Hoffman
|
0-0: Called Strike 0-1: Fly out, F7 (Flyball, 7, EV 84.4 MPH) Runner from 3rd tags up, SCORES, throw by LF
|
|
Batting: LHB Paul McClintock
|
0-0: Ball 1-0: Swinging Strike 1-1: Fly out, F3 (Flyball, 34D, EV 79.4 MPH)
|
|
Batting: RHB John Corfield
|
0-0: Swinging Strike 0-1: Called Strike 0-2: Foul Ball, location: 2F 0-2: Strikes out looking
|
| Bottom of the 8th over - 2 runs, 2 hits, 0 errors, 0 left on base; Americus 11 - Colorado 2 |
| TOP OF THE 9TH |
|
Americus Braves batting - Pitching for Colorado Avalanche : RHP Josh Lofgreen
|
|
Now at 3B: Matviy Oliynyk
|
|
|
Now in LF: Ray Insley
|
|
|
Now in RF: Craig Ruzic
|
|
|
Batting: RHB Gerard Michel
|
0-0: Ball 1-0: Ball 2-0: Ball 3-0: Called Strike 3-1: Foul Ball, location: 2F 3-2: Base on Balls
|
|
Batting: RHB Terry Hughes
|
0-0: Ball 1-0: Ball 2-0: Ball 3-0: Called Strike 3-1: Base on Balls Gerard Michel to second
|
|
Batting: RHB Phil Holman
|
0-0: Called Strike 0-1: Called Strike 0-2: Ball 1-2: 3-RUN HOME RUN (Line Drive, 7LD, EV 96.9 MPH), Distance : 367 ft
|
|
Pitching: RHP Maurice Moore
|
|
|
Batting: RHB Joe Young
|
0-0: Called Strike 0-1: Ball 1-1: Called Strike 1-2: Foul Ball, location: 2F 1-2: Ball 2-2: DOUBLE (Groundball, 5L, EV 109.4 MPH)
|
|
Batting: SHB Jose Melendez
|
0-0: Fly out, F5 (Popup, 5SF, EV 83.8 MPH)
|
|
Batting: RHB George Provance
|
0-0: Ball 1-0: Ball 2-0: Foul Ball, location: 2F 2-1: Foul Ball, location: 2F 2-2: DOUBLE (Line Drive, 89D, EV 110.0 MPH) Joe Young scores
|
|
Batting: RHB Josh McCormick
|
0-0: SINGLE (Line Drive, 6D, EV 106.2 MPH) George Provance to third Throwing error, E7 George Provance scores Josh McCormick to second
|
|
Batting: LHB Ryan Murdock
|
0-0: Ball 1-0: Called Strike 1-1: Called Strike 1-2: Ground out 6-3 (Groundball, 6, EV 93.1 MPH)
|
|
Batting: SHB Jordan Barragan
|
0-0: Ball 1-0: Ball 2-0: Called Strike 2-1: Foul Ball, location: 2F 2-2: Ball 3-2: Ground out 4-3 (Groundball, 34, EV 100.6 MPH)
|
| Top of the 9th over - 5 runs, 4 hits, 1 error, 1 left on base; Americus 16 - Colorado 2 |
| BOTTOM OF THE 9TH |
|
Colorado Avalanche batting - Pitching for Americus Braves : RHP Greg Hart
|
|
Batting: SHB Justin Jackson
|
0-0: SINGLE (Line Drive, 4D, EV 108.1 MPH)
|
|
Batting: RHB Bob Hayes
|
0-0: Called Strike 0-1: Called Strike 0-2: Strikes out swinging
|
|
Pinch Hitting: LHB Georges Lambert
|
0-0: DOUBLE (Groundball, 5L, EV 98.1 MPH) Justin Jackson to third
|
|
Batting: SHB Craig Ruzic
|
0-0: Foul Ball, location: 2F 0-1: Ball 1-1: Ground out 6-3 (Groundball, 6M, EV 86.2 MPH) Justin Jackson scores Georges Lambert to third
|
|
Batting: RHB Ray Insley
|
0-0: Called Strike 0-1: Ball 1-1: Foul Ball, location: 2F 1-2: Ball 2-2: Foul Ball, location: 2F 2-2: Ball 3-2: Foul Ball, location: 2F 3-2: Strikes out looking
|
| Bottom of the 9th over - 1 run, 2 hits, 0 errors, 1 left on base; Americus 16 - Colorado 3 |
|